 Dungeon Sprint DCSS version 0.30-a0-953-g5f1da4a474 (webtiles) character file.

Game seed: 11785404830234359412

3724 dialectric the Ninja (level 9, 0/51 HPs)
             Began as a Spriggan Brigand on Mar 28, 2023.
             Was a Follower of Trog.
             Succumbed to a death drake's dark miasma
             ... in the Dungeon (Sprint II: "The Violet Keep of Menkaure").
             The game lasted 00:05:03 (573 turns).

dialectric the Ninja (Spriggan Brigand)              Turns: 573, Time: 00:05:04

Health: 0/51       AC:  3    Str:  7    XL:     9   Next: 92%
Magic:  10/10      EV: 23    Int: 12    God:    Trog [*.....]
Gold:   1222       SH:  0    Dex: 21    Spells: 8/8 levels left

rFire   . . .      SeeInvis +    a - +2 dagger
rCold   . . .      Faith    .    (no shield)
rNeg    . . .      Spirit   .    b - +0 robe
rPois   .          Reflect  .    (helmet restricted)
rElec   .          Rampage  .    c - +0 cloak
rCorr   .          NoTele   +    (gloves unavailable)
Will    +....                    (boots unavailable)
Stlth   ++++++++++               q - amulet of regeneration
HPRegen 1.08/turn                t - ring of flight
MPRegen 0.12/turn                (no ring)

@: lethally poisoned (0 -> -21), on berserk cooldown, flying, slowed, quick
A: very small, no large weapons, unfitting armour, see invisible, speed 3
a: Renounce Religion, Berserk


You were in the Dungeon.
You worshipped Trog.
Trog was aware of your devotion.
You visited 1 branch You collected 1362 gold pieces.
You spent 140 gold pieces at shops.

Inventory:

Hand Weapons
 a - a +2 dagger (weapon)
Missiles
 d - 5 poisoned darts (quivered)
 e - 3 curare-tipped darts
Armour
 b - a +0 robe (worn)
 c - a +0 cloak (worn)
Jewellery
 q - an amulet of regeneration (around neck)
 t - a ring of flight (left hand)
 v - a ring of wizardry
 x - a ring of resist corrosion
Scrolls
 k - 2 scrolls of blinking
 l - 3 scrolls of brand weapon {unknown}
 n - a scroll of poison {unknown}
 o - 11 scrolls of identify {unknown}
 r - 3 scrolls of enchant weapon {unknown}
 w - 2 scrolls of fear
 y - 2 scrolls of immolation {unknown}
Potions
 f - 2 potions of curing
 h - a potion of haste
 i - 5 potions of magic
 j - a potion of berserk rage
 m - a potion of might {unknown}
 p - 3 potions of resistance {unknown}
 s - 3 potions of flight {unknown}
 u - a potion of cancellation {unknown}
 z - 4 potions of degeneration {unknown}
 A - a potion of brilliance {unknown}
 B - a potion of lignification {unknown}


   Skills:
 + Level 7.8 Fighting
 + Level 10.4 Short Blades
 - Level 2.4 Throwing
 + Level 7.2 Dodging
 O Level 27 Stealth


You had 8 spell levels left.
You didn't know any spells.
Your spell library was empty.

Dungeon Overview and Level Annotations

Branches:
Dungeon (1/1)

Altars:
Cheibriados
Dithmenos
Elyvilon
Fedhas
Gozag
Hepliaklqana
Kikubaaqudgha
Makhleb
Nemelex Xobeh
Okawaru
Qazlal
Ru
Sif Muna
Trog
Uskayaw
Vehumet
Wu Jian
Xom
Yredelemnul
Zin
The Shining One
Jiyva
Lugonu

Shops:
D *[:[[(?*=[=*!:!

Annotations:
D exclusions: oklob plant and orange crystal statue, Roxanne


Innate Abilities, Weirdness & Mutations

You are very small and have problems with some larger weapons.
You are too small for most types of armour.
You have supernaturally acute eyesight. (SInv)
You cover ground extremely quickly. (Speed+++)


Message History

A red film seems to cover your vision as you go berserk!
You feel yourself moving faster!
You feel mighty!
The water moccasin completely misses you.
The water moccasin closely misses you.
You puncture the water moccasin!
The water moccasin is moderately wounded.
You hit the water moccasin.
The water moccasin is heavily wounded.
You puncture the water moccasin!
The water moccasin is almost dead.
The water moccasin completely misses you.
You hit the water moccasin.
The water moccasin is almost dead.
You puncture the water moccasin!
You kill the water moccasin!
Trog accepts your kill.
You can now go berserk at will.
Your Dodging skill increases to level 7!
Unknown command.
Really fly into a travel-excluded area?
You feel a strong urge to attack something.
A swamp drake comes into view.
The swamp drake roars!
A death drake comes into view.
You feel your anger nearly subside.
You are no longer berserk.
You are exhausted.
You feel yourself slow down.
The death drake hisses angrily.
A swamp drake comes into view.
A death drake comes into view.
The death drake breathes miasma at you. The foul vapour engulfs you!!
You are poisoned.
You feel as though you will be slow longer.
You are engulfed in dark miasma.
You are lethally poisoned!
* * * LOW HITPOINT WARNING * * *
x2 You feel extremely sick.
The death drake attacks as you move away!
The death drake misses you.
You die...

+#### ▓▓▓ ≈≈≈§≈§≈## ..▓ §§≈§§§≈##
▓▓+▓▓▓▓.▓ ≈§8≈≈§≈≈##++##
+○°.▓0..▓ ≈≈≈§≈§##≈^..###
#.○.▓▓▓▓▓▓▓▓▓▓ # ≈§≈≈ #e≈.^...#
#°○.▓§§§≈≈≈≈≈▓ #+++#+++#####....#
##○°▓▓▓▓▓▓▓▓▓▓ .........#..'..°@#
k#):▓.(......▓ ~÷##'##..#[[####°#
k#°=▓........▓
~##.#.##.####)°°k##.#}=▓((.|...[▓
~#.###.# ...#÷°#°k○####▓.[.=(())▓
###.#.####..#####°.##)#▓........▓
.###'###.##..#÷.'..#.†#▓...)....▓
..##.###..#..#..#.^#..#▓.)...[..▓
#.'.<.'.##'..####..##.#▓[)......▓
####.###..#....###...##▓▓▓▓▓▓▓'▓▓


You could see a death drake (catching breath), a deep elf master archer
(wandering) and a swamp drake (poisoned).

Vanquished Creatures
  An iron elemental (D)
  A death yak (D)
  A yaktaur (D)
  A hornet (D)
  3 polar bears (D)
  A blink frog (D)
  3 yaks (D)
  2 wyverns (D)
  4 water moccasins (D)
  4 scorpions (D)
  3 worms (D)
24 creatures vanquished.

Vanquished Creatures (others)
  Menkaure (D)
  A water moccasin (D)
2 creatures vanquished.

Grand Total: 26 creatures vanquished

Notes
Turn   | Place    | Note
-------+----------+-------------------------------------------
     0 | D        | dialectric the Spriggan Brigand began the quest for the
                  | Orb.
     0 | D        | Reached XP level 1. HP: 10/10 MP: 2/2
    10 | D        | Reached skill level 7 in Stealth
    26 | D        | Found Vihi's Distillery.
    26 | D        | Found Qootegih's Book Shoppe.
    26 | D        | Found Miocki's Jewellery Emporium.
    26 | D        | Found Saoq's Jewellery Shoppe.
    26 | D        | Found Boum's General Store.
    26 | D        | Found Pycatz's Armour Shoppe.
    26 | D        | Found Yhaj's General Store.
    29 | D        | Reached skill level 8 in Stealth
    29 | D        | Reached XP level 2. HP: 15/15 MP: 3/3
    34 | D        | Killed Menkaure
    36 | D        | Noticed a wyvern
    36 | D        | Noticed a wyvern
    39 | D        | Killed a wyvern
    40 | D        | Reached skill level 14 in Stealth
    40 | D        | Reached XP level 3. HP: 20/20 MP: 4/4
    40 | D        | Reached XP level 4. HP: 24/24 MP: 5/5
    40 | D        | Reached XP level 5. HP: 28/28 MP: 6/6
    43 | D        | Noticed an orange crystal statue
    45 | D        | Killed a wyvern
    46 | D        | Reached skill level 5 in Short Blades
    46 | D        | Reached skill level 17 in Stealth
    46 | D        | Reached XP level 6. HP: 32/32 MP: 7/7
    47 | D        | Noticed a water moccasin
    48 | D        | Found Ikhlet's Distillery.
    49 | D        | Killed a water moccasin
    50 | D        | Reached skill level 19 in Stealth
    55 | D        | Killed a water moccasin
    65 | D        | Reached skill level 20 in Stealth
    65 | D        | Reached XP level 7. HP: 37/37 MP: 8/8
    71 | D        | Reached skill level 21 in Stealth
    80 | D        | Noticed a boulder beetle
    80 | D        | Noticed a boulder beetle
    91 | D        | Found a hazy altar of Hepliaklqana.
    91 | D        | Found a snail-covered altar of Cheibriados.
    92 | D        | Found a stormy altar of Qazlal.
    92 | D        | Found a viscous altar of Jiyva.
    92 | D        | Found a shadowy altar of Dithmenos.
    93 | D        | Found a sacrificial altar of Ru.
    93 | D        | Found an ancient bone altar of Kikubaaqudgha.
    93 | D        | Found a white marble altar of Elyvilon.
    94 | D        | Found an ornate altar of the Wu Jian Council.
    94 | D        | Found a shimmering blue altar of Sif Muna.
    94 | D        | Found a corrupted altar of Lugonu.
    95 | D        | Found a shimmering altar of Xom.
    95 | D        | Found a bloodstained altar of Trog.
    95 | D        | Found a burning altar of Makhleb.
    96 | D        | Found a glowing golden altar of the Shining One.
    96 | D        | Found a basalt altar of Yredelemnul.
    96 | D        | Found a hide-covered altar of Uskayaw.
    99 | D        | Noticed a yak
   100 | D        | Noticed a yak
   100 | D        | Noticed a yak
   101 | D        | Killed a yak
   102 | D        | Reached skill level 22 in Stealth
   103 | D        | Killed a yak
   104 | D        | Killed a yak
   105 | D        | Reached skill level 23 in Stealth
   105 | D        | Reached XP level 8. HP: 40/42 MP: 9/9
   111 | D        | Noticed a death yak
   113 | D        | Killed a death yak
   114 | D        | Reached skill level 5 in Fighting
   114 | D        | Reached skill level 25 in Stealth
   120 | D        | Noticed a deep elf master archer
   123 | D        | Noticed an iron elemental
   126 | D        | Killed an iron elemental
   127 | D        | Reached skill level 26 in Stealth
   127 | D        | Reached XP level 9. HP: 47/47 MP: 10/10
   141 | D        | Found a glowing silver altar of Zin.
   143 | D        | Found a radiant altar of Vehumet.
   149 | D        | Noticed a kraken
   173 | D        | Found the ring of the Hare {EV+10}
   287 | D        | Noticed a yaktaur
   287 | D        | Noticed a polar bear
   288 | D        | Noticed a polar bear
   288 | D        | Noticed a polar bear
   289 | D        | Killed a polar bear
   290 | D        | Reached skill level 5 in Dodging
   290 | D        | Reached skill level 27 in Stealth
   290 | D        | Killed a polar bear
   294 | D        | Killed a yaktaur
   324 | D        | Found Hady's Magic Scroll Shoppe.
   324 | D        | Found Reaf's Antique Weapon Emporium.
   325 | D        | Noticed a shining eye
   326 | D        | Found Uhulubbo's Armour Shoppe.
   326 | D        | Found Nusheh Bicys's Antique Armour Emporium.
   326 | D        | Noticed a shining eye
   326 | D        | Noticed a shining eye
   326 | D        | Noticed an oklob plant
   332 | D        | Found Isteg's Antique Armour Shoppe.
   332 | D        | Found Ivvohono's Assorted Antiques.
   332 | D        | Found Napuqism's Book Shoppe.
   336 | D        | Bought a scroll of fear for 44 gold pieces
   354 | D        | Bought a potion of curing for 36 gold pieces
   354 | D        | Bought a potion of berserk rage for 60 gold pieces
   396 | D        | Identified Roxanne's Directory of the Xenotype
   396 | D        | Noticed Roxanne
   447 | D        | Found a blossoming altar of Fedhas.
   447 | D        | Found a sparkling altar of Nemelex Xobeh.
   450 | D        | Found an opulent altar of Gozag.
   450 | D        | Found an iron altar of Okawaru.
   478 | D        | Became a worshipper of Trog the Wrathful
   504 | D        | Killed a polar bear
   505 | D        | Reached skill level 10 in Short Blades
   524 | D        | Noticed a deep troll
   525 | D        | Noticed a deep troll
   562 | D        | Reached * piety under Trog
   566 | D        | Noticed a death drake
   567 | D        | Noticed a death drake
   573 | D        | Succumbed to a death drake's dark miasma

Illustrated notes

Levels and vault maps discovered:
D:        the_violet_keep_of_menkaure [sprint2_stairs_cluster_1,
          sprint2_shoproom, sprint2_temple, sprint2_basic_supplies,
          sprint2_obstacle_6, sprint2_obstacle_2, sprint2_obstacle_4,
          sprint2_obstacle_3, sprint2_obstacle_7, sprint2_timed_cluster_1,
          sprint2_smallroom_cluster_1, sprint2_smallroom_final_cluster_1,
          sprint2_transparent_cluster_1, sprint2_second_timed_cluster_1,
          sprint2_sniper_area_1, sprint2_heavy_combat_area_1,
          sprint2_mutation_trap_area_1, sprint2_forest_area_1,
          sprint2_light_combat_area_1, sprint2_behind_water_1,
          sprint2_near_end_vault_1]

Skill      XL: |  1  2  3  4  5  6  7  8  9 |
---------------+----------------------------+-----
Stealth        | 8 14 17 20 23 26 27 | 27.0
Fighting       | 3 4 5 7 |  7.8
Short Blades   | 4 5 6 7 10 | 10.4
Dodging        | 2 3 4 7 |  7.2
Throwing       | |  2.4

Action                     |  1- 3 |  4- 6 |  7- 9 || total
---------------------------+-------+-------+-------++-------
  Melee: Dagger            |    10 |     4 |    51 ||    65
         Punch             |     1 |       |       ||     1
  Throw: Dart              |     3 |       |    15 ||    18
    Use: Potion            |       |       |     3 ||     3
   Stab: Sleeping          |     2 |     4 |    12 ||    18
 Armour: Robe              |       |       |     5 ||     5
  Dodge: Dodged            |     2 |       |    69 ||    71

Table legend: (Time is in decaauts)
 A = Elapsed time spent in this place.
 B = Non-inter-level travel time spent in this place.
 C = Inter-level travel time spent in this place.
 D = Time resting spent in this place.
 E = Time spent auto-exploring this place.
 F = Levels seen in this place.
 G = Mean time per level.
                   A        B        C        D        E       F      G
               +--------+--------+--------+--------+--------+-----+--------+
         Total |    398 |    398 |      0 |      0 |     14 |   1 |  398.0 |
       Dungeon |    398 |    398 |      0 |      0 |     14 |   1 |  398.0 |
               +--------+--------+--------+--------+--------+-----+--------+

Top non-repeatable levels by time:
       D: 398 daAuts
